 Dungeon Sprint DCSS version 0.22.1-2-g9c5b331 (webtiles) character file.

34286 diana the Tortoise (level 14, -5/112 HPs)
             Began as a Halfling Fighter on Dec 11, 2018.
             Was the Champion of Cheibriados.
             Killed by divine providence
             ... invoked by Saint Roka
              (15 damage)
             ... in the Dungeon (Sprint IX: "|||||||||||||||||||||||||||||").
             The game lasted 00:12:39 (3278 turns).

diana the Tortoise (Halfling Fighter)               Turns: 3278, Time: 00:12:40

Health: -5/112     AC: 32    Str: 32    XL:     14   Next: 12%
Magic:  6/22       EV: 31    Int: 26    God:    Cheibriados [******]
Gold:   575        SH: 13    Dex: 37    Spells: 13/13 levels left

rFire    . . .     SeeInvis .   H - +1 demon blade (vamp)
rCold    . . .     Gourm    .   c - +0 shield
rNeg     . . .     Faith    .   M - +4 plate armour {MR+}
rPois    .         Spirit   .   L - +1 helmet
rElec    .         Reflect  .   B - +0 cloak
rCorr    .         Harm     .   C - +0 pair of gloves
MR       ++...     NoTele   +   J - +0 pair of boots of Contentment {Int+5} (curse)
Stlth    ..........             (no amulet)
HPRegen  0.28/turn              t - +2 ring of protection
MPRegen  0.18/turn              u - +3 ring of dexterity

@: very slow
A: small, mutation resistance 1
a: Bend Time, Temporal Distortion, Slouch, Step From Time, Renounce Religion


You were in the Dungeon.
You worshipped Cheibriados.
Cheibriados was exalted by your worship.
You were hungry.

You visited 1 branch You collected 1912 gold pieces.
You spent 1337 gold pieces at shops.

Inventory:

Hand Weapons
 b - the +10 fustibalus "Transmigrator" {flame, *Slow rN+ Int+6}
   (You bought it in a shop in the Dungeon)

   It causes projectiles fired from it to burn those they strike, causing extra
   injury to most foes and up to half again as much damage against particularly
   susceptible opponents.
   It affects your intelligence (+6).
   It protects you from negative energy.
   It may slow you when you take damage.
 p - a +2 scimitar of flaming
 H - a +1 vampiric demon blade (weapon)
Missiles
 a - a throwing net (quivered)
 w - 20 sling bullets
Armour
 c - a +0 shield (worn)
 B - a +0 cloak (worn)
 C - a +0 pair of gloves (worn)
 J - the cursed +0 pair of boots of Contentment (worn) {Int+5}
   (You found it in the Dungeon)

   It affects your intelligence (+5).
   It has a curse placed upon it.
 L - a +1 helmet (worn)
 M - a +4 plate armour of magic resistance (worn)
Magical Staves
 g - an uncursed staff of energy
Jewellery
 t - a +2 ring of protection (left hand)
 u - a +3 ring of dexterity (right hand)
 D - an uncursed ring of protection from cold
 E - an uncursed ring of protection from fire
 F - an uncursed ring of poison resistance
 G - an uncursed ring of protection from fire
Wands
 o - a wand of acid (10)
Scrolls
 k - 2 scrolls of blinking
 m - 5 scrolls of remove curse
 n - 2 scrolls of amnesia
 y - 6 scrolls of fog
 z - a scroll of identify
 A - 5 scrolls of enchant armour
 O - a scroll of fear
 P - 2 scrolls of enchant weapon
Potions
 d - 2 potions of might
 e - a potion of invisibility
 h - 2 potions of haste
 i - 4 potions of magic
 j - 3 potions of heal wounds
 l - 5 potions of curing
 x - 4 potions of berserk rage
 N - a potion of agility
Comestibles
 f - 10 rations


   Skills:
 + Level 16.0 Fighting
 - Level 14.0 Long Blades
 - Level 14.2 Slings
 + Level 18.7 Armour
 + Level 18.4 Dodging
 - Level 3.2 Shields
 - Level 11.1 Invocations


You had 13 spell levels left.
You didn't know any spells.
Your spell library was empty.

Dungeon Overview and Level Annotations

Branches:
Dungeon (1/1)

Altars:
Cheibriados
Dithmenos
Elyvilon
Fedhas
Gozag
Hepliaklqana
Kikubaaqudgha
Makhleb
Nemelex Xobeh
Okawaru
Qazlal
Ru
Sif Muna
Trog
Uskayaw
Vehumet
Wu Jian
Xom
Yredelemnul
Zin
The Shining One
Beogh
Jiyva
Lugonu

Shops:
D ((**

Annotations:
D Saint Roka


Innate Abilities, Weirdness & Mutations

You are small and have problems with some larger weapons.
You are somewhat resistant to further mutation.


Message History

Saint Roka calls down the wrath of Beogh upon you.
Beogh smites you!
* * * LOW HITPOINT WARNING * * *
You hit Saint Roka.
You feel better.
Saint Roka is heavily wounded.
Saint Roka calls down the wrath of Beogh upon you.
Beogh smites you!
* * * LOW HITPOINT WARNING * * *
You slice Saint Roka!!
You feel better.
Saint Roka is heavily wounded.
You barely miss Saint Roka.
Saint Roka is heavily wounded.
Saint Roka calls down the wrath of Beogh upon you.
Beogh smites you!
* * * LOW HITPOINT WARNING * * *
You closely miss Saint Roka.
Saint Roka is heavily wounded.
Saint Roka calls down the wrath of Beogh upon you.
Beogh smites you!
You die...

▓.▓.▓.▓.▓.▓.▓.▓.
▓.▓.▓.▓.▓.▓.▓.▓.▓.
▓.▓†▓.▓.▓.▓'▓.▓.▓.
▓)▓.▓.▓.▓.▓)▓.▓.▓.
▓)▓†▓.▓)▓.▓)▓.▓.▓.
▓.▓†▓.▓)▓.▓)▓.▓.▓.
▓.▓.▓.▓.▓.▓)▓.▓.▓.
▓o▓.▓.▓)▓.▓)▓.▓.▓.
▓@▓.▓.▓)▓.▓.▓.▓.▓.
▓)▓.▓.▓)▓.▓.▓.▓.▓.
▓.▓.▓.▓.▓.▓.▓.▓'▓.
▓.▓.▓.▓)▓.▓.▓.▓÷▓.
▓.▓.▓.▓.▓.▓.▓.▓.▓.
▓.▓.▓.▓[▓.▓.▓.▓.▓.
▓.▓'▓.▓.▓.▓.▓.▓.▓.
▓.▓†▓.▓[▓.▓.▓.▓.▓.
▓.▓.▓.▓)▓.▓'▓.▓.▓.


You could see Saint Roka.

Vanquished Creatures
  Frances (D)
  A thorn hunter (D)
  A stone giant (D)
  A spark wasp (D)
  An ettin (D)
  Snorg (D)
  2 fire dragons (D)
  A merfolk impaler (D)
  A naga warrior (D)
  A catoblepas (D)
  A centaur warrior (D)
  A two-headed ogre (D)
  A merfolk avatar (D)
  A deep troll earth mage (D)
  A shock serpent (D)
  6 orc high priests (D)
  An unseen horror (D)
  A swamp dragon (D)
  A sea snake (D)
  A spriggan druid (D)
  4 orc knights (D)
  An ugly thing (D)
  2 moths of wrath (D)
  A cyclops (D)
  2 manticores (D)
  6 black mambas (D)
  A yaktaur (D)
  2 spiny frogs (D)
  2 demonic crawlers (D)
  A komodo dragon (D)
  3 jumping spiders (D)
  A polar bear (D)
  2 merfolk (D)
  2 tyrant leeches (D)
  A slime creature (D)
  4 blink frogs (D)
  2 bog bodies (D)
  A snapping turtle (D)
  A redback (D)
  A wraith (D)
  2 yaks (D)
  A tarantella (D)
  A basilisk (D)
  4 vampire mosquitoes (D)
  A warg (D)
  An acid dragon (D)
  A water moccasin (D)
  3 nagas (D)
  9 orc warriors (D)
  2 porcupines (D)
  A swamp drake (D)
  An ice beast (D)
  An ogre (D)
  2 phantoms (D)
  A wolf (D)
  2 centaurs (D)
  A crocodile (D)
  8 bullfrogs (D)
  A gnoll sergeant (D)
  A crimson imp (D)
  A jelly (D)
  4 orc wizards (D)
  11 orc priests (D)
  3 worker ants (D)
  An adder (D)
  A dart slug (D)
  11 orcs (D)
  A bat zombie (D)
  2 goblins (D)
  A kobold (D)
  A rat (D)
147 creatures vanquished.

Notes
Turn   | Place    | Note
-------+----------+-------------------------------------------
     0 | D        | diana the Halfling Fighter began the quest for the Orb.
     0 | D        | Reached XP level 1. HP: 15/15 MP: 1/1
   119 | D        | Reached skill level 1 in Dodging
   128 | D        | Reached XP level 2. HP: 11/21 MP: 2/2
   273 | D        | Noticed a gnoll sergeant
   273 | D        | Noticed an ice beast
   294 | D        | Reached XP level 3. HP: 27/27 MP: 3/3
   296 | D        | Killed a gnoll sergeant
   296 | D        | Reached skill level 5 in Long Blades
   296 | D        | Reached skill level 5 in Armour
   296 | D        | Reached XP level 4. HP: 34/34 MP: 4/4
   300 | D        | Killed an ice beast
   300 | D        | Reached skill level 5 in Fighting
   300 | D        | Reached skill level 5 in Dodging
   300 | D        | Reached XP level 5. HP: 39/39 MP: 5/5
   300 | D        | Reached XP level 6. HP: 45/45 MP: 6/6
   356 | D        | Found a roughly hewn altar of Beogh.
   356 | D        | Found a snail-covered altar of Cheibriados.
   356 | D        | Found a shadowy altar of Dithmenos.
   356 | D        | Found a white marble altar of Elyvilon.
   356 | D        | Found a blossoming altar of Fedhas.
   356 | D        | Found an opulent altar of Gozag.
   357 | D        | Found a hazy altar of Hepliaklqana.
   358 | D        | Found a viscous altar of Jiyva.
   359 | D        | Found an ancient bone altar of Kikubaaqudgha.
   360 | D        | Became a worshipper of Cheibriados the Contemplative
   361 | D        | Found a corrupted altar of Lugonu.
   362 | D        | Found a burning altar of Makhleb.
   363 | D        | Found a sparkling altar of Nemelex Xobeh.
   364 | D        | Found an iron altar of Okawaru.
   365 | D        | Found a stormy altar of Qazlal.
   366 | D        | Found a sacrificial altar of Ru.
   367 | D        | Found a deep blue altar of Sif Muna.
   368 | D        | Found a bloodstained altar of Trog.
   369 | D        | Found a hide-covered altar of Uskayaw.
   370 | D        | Found a radiant altar of Vehumet.
   371 | D        | Found an ornate altar of the Wu Jian Council.
   372 | D        | Found a shimmering altar of Xom.
   373 | D        | Found a basalt altar of Yredelemnul.
   374 | D        | Found a glowing silver altar of Zin.
   375 | D        | Found a glowing golden altar of the Shining One.
   427 | D        | Noticed a phantom
   443 | D        | Reached * piety under Cheibriados
   455 | D        | Reached ** piety under Cheibriados
   459 | D        | Reached XP level 7. HP: 27/53 MP: 7/7
   631 | D        | Noticed an acid dragon
   644 | D        | Killed an acid dragon
   644 | D        | Reached *** piety under Cheibriados
   644 | D        | Reached skill level 10 in Long Blades
   651 | D        | Reached **** piety under Cheibriados
   651 | D        | Reached XP level 8. HP: 59/60 MP: 8/8
   816 | D        | Noticed a yak
   816 | D        | Noticed a spiny frog
   816 | D        | Noticed a black mamba
   831 | D        | Killed a yak
   832 | D        | Killed a spiny frog
   832 | D        | Reached ***** piety under Cheibriados
   834 | D        | Noticed a catoblepas
   835 | D        | Noticed a basilisk
   840 | D        | Killed a black mamba
   840 | D        | Reached skill level 10 in Armour
   840 | D        | Reached XP level 9. HP: 62/67 MP: 8/10
   850 | D        | Killed a catoblepas
   850 | D        | Reached skill level 10 in Dodging
   854 | D        | Reached ****** piety under Cheibriados
   857 | D        | Reached skill level 5 in Invocations
   857 | D        | Reached XP level 10. HP: 21/74 MP: 10/13
  1133 | D        | Noticed a black mamba
  1134 | D        | Noticed a spiny frog
  1140 | D        | Killed a black mamba
  1144 | D        | Noticed a komodo dragon
  1154 | D        | Killed a spiny frog
  1165 | D        | Killed a komodo dragon
  1165 | D        | Reached skill level 10 in Fighting
  1433 | D        | Noticed an orc knight
  1438 | D        | Reached XP level 11. HP: 82/82 MP: 17/17
  1449 | D        | Killed an orc knight
  1583 | D        | Noticed an orc knight
  1583 | D        | Noticed an orc high priest
  1584 | D        | Noticed an orc knight
  1589 | D        | Killed an orc high priest
  1591 | D        | Killed an orc knight
  1594 | D        | Killed an orc knight
  1600 | D        | Reached skill level 10 in Invocations
  1796 | D        | Found Hatux's Weapon Emporium.
  1796 | D        | Noticed an orc high priest
  1797 | D        | Noticed an orc high priest
  1798 | D        | Noticed an orc high priest
  1800 | D        | Killed an orc high priest
  1801 | D        | Found Buatin's Antique Weapon Shoppe.
  1804 | D        | Killed an orc high priest
  1804 | D        | Noticed an orc high priest
  1806 | D        | Noticed a soul eater
  1808 | D        | Noticed a sixfirhy
  1810 | D        | Killed an orc high priest
  1816 | D        | Noticed a sun demon
  1816 | D        | Killed an orc high priest
  1818 | D        | Found Oklanen's General Store.
  1821 | D        | Found Zij Sobashre's Assorted Antiques.
  1825 | D        | Noticed an orc high priest
  1834 | D        | Killed an orc high priest
  1834 | D        | Reached XP level 12. HP: 34/92 MP: 4/20
  1924 | D        | Bought a scroll of enchant armour for 75 gold pieces
  1932 | D        | Bought the +10 fustibalus "Transmigrator" {flame, *Slow rN+
                  | Int+6} for 1142 gold pieces
  1932 | D        | Bought 20 sling bullets for 120 gold pieces
  2215 | D        | Got the cursed +0 pair of boots of Contentment {Int+5}
  2362 | D        | Noticed a two-headed ogre
  2363 | D        | Noticed a centaur warrior
  2367 | D        | Noticed a fire dragon
  2377 | D        | Killed an unseen horror
  2378 | D        | Reached skill level 5 in Slings
  2378 | D        | Killed a centaur warrior
  2378 | D        | Reached skill level 15 in Armour
  2379 | D        | Killed a two-headed ogre
  2379 | D        | Noticed a fire dragon
  2465 | D        | Noticed a stone giant
  2470 | D        | Noticed an ettin
  2472 | D        | Killed a fire dragon
  2473 | D        | Noticed a deep troll earth mage
  2478 | D        | Killed a fire dragon
  2478 | D        | Reached skill level 10 in Slings
  2478 | D        | Reached skill level 15 in Dodging
  2480 | D        | Killed a stone giant
  2490 | D        | Killed an ettin
  2497 | D        | Killed a deep troll earth mage
  2796 | D        | Reached XP level 13. HP: 99/99 MP: 21/21
  2796 | D        | Noticed a spark wasp
  2812 | D        | Killed a spark wasp
  2843 | D        | Noticed a merfolk avatar
  2849 | D        | Noticed a merfolk impaler
  2865 | D        | Killed a merfolk avatar
  2899 | D        | Killed a merfolk impaler
  2948 | D        | Noticed a thorn hunter
  2968 | D        | Killed a thorn hunter
  2968 | D        | Reached skill level 15 in Fighting
  3109 | D        | Noticed a naga warrior
  3133 | D        | Killed a naga warrior
  3223 | D        | Noticed Snorg
  3231 | D        | Killed Snorg
  3231 | D        | Reached XP level 14. HP: 111/111 MP: 16/22
  3249 | D        | Noticed Frances
  3251 | D        | Noticed Saint Roka
  3261 | D        | Killed Frances
  3278 | D        | Killed from afar by Saint Roka

Skill      XL: |  1  2  3  4  5  6  7  8  9 10 11 12 13 14 |
---------------+-------------------------------------------+-----
Fighting       | 3 4 5 6 7 8 9 10 12 13 15 16 | 16.0
Dodging        | 1 3 4 5 6 8 9 10 11 14 15 18 | 18.4
Long Blades    | 4 5 7 9 10 12 13 14 | 14.0
Armour         | 4 5 6 7 8 10 11 12 14 15 18 | 18.7
Invocations    | 2 5 8 11 | 11.1
Slings         | 13 14 | 14.2
Shields        | |  3.2

Action                   |  1- 3 |  4- 6 |  7- 9 | 10-12 | 13-15 || total
-------------------------+-------+-------+-------+-------+-------++-------
Melee: Long sword        |    44 |    36 |    67 |       |       ||   147
       Scimitar          |       |       |    18 |   173 |       ||   191
       Demon blade       |       |       |       |     5 |   168 ||   173
 Fire: Fustibalus        |       |       |       |     3 |       ||     3
Invok: Slouch            |       |       |       |    13 |    10 ||    23
  Use: Potion            |     3 |       |     1 |     1 |       ||     5
  Eat: Chunk             |       |       |       |     4 |       ||     4
       Ration            |       |       |       |     2 |       ||     2
Armor: Scale mail        |    19 |     1 |       |       |       ||    20
       Chain mail        |       |    10 |    17 |       |       ||    27
       Acid dragon scale |       |       |     1 |    12 |       ||    13
       Plate armour      |       |       |       |     7 |    27 ||    34
Dodge: Dodged            |    16 |    14 |    37 |   113 |   124 ||   304
Block: Shield            |    28 |    14 |    39 |    88 |    92 ||   261
       Rpst.: Long sword |       |     4 |     9 |       |       ||    13
       Scimitar          |       |       |     2 |    28 |       ||    30
       Demon blade       |       |       |       |     1 |    16 ||    17
